 Dungeon Crawl Stone Soup version 0.25-a0-458-g6fc7858 (webtiles) character file.

Game seed: 2020005019782521709, levelgen mode: deterministic

410 NeededCrab the Insei (level 6, -2/38 HPs)
             Began as an Octopode Transmuter on Feb 2, 2020.
             Was a Follower of Qazlal.
             Splashed by a jelly's acid (3 damage)
             ... on level 5 of the Dungeon.
             The game lasted 00:20:30 (4597 turns).

NeededCrab the Insei (Octopode Transmuter)          Turns: 4597, Time: 00:20:31

Health: -2/38      AC: -2    Str: 10    XL:     6   Next: 89%
Magic:  9/9        EV: 20    Int: 16    God:    Qazlal [*.....]
Gold:   233        SH:  1    Dex: 22    Spells: 3/9 levels left

rFire    . . .     SeeInvis .     - Unarmed
rCold    . . .     Gourm    .   (shield currently unavailable)
rNeg     . . .     Faith    .   (helmet currently unavailable)
rPois    x         Spirit   .   (no amulet)
rElec    .         Reflect  .   m - +4 ring of dexterity
rCorr    .         Harm     .   (no ring)
MR       .....                  (no ring)
Stlth    +++.......             (no ring)
HPRegen  0.12/turn              (no ring)
MPRegen  0.11/turn              (no ring)
                                (no ring)
                                (no ring)

@: spider-form, corroded
A: tiny, almost no armour, stealthy swim, (amphibious), 8 rings, (constrict 8)
a: End Transformation, Renounce Religion


You were on level 5 of the Dungeon.
You worshipped Qazlal.
Qazlal was aware of your devotion.
You were not hungry.
You were a venomous arachnid creature.
You visited 2 branches of the dungeon, and saw 6 of its levels.

You collected 233 gold pieces.

Inventory:

Missiles
 a - 108 arrows (quivered)
Armour
 g - a +0 buckler
Magical Staves
 i - an uncursed staff of power (melded)
Jewellery
 m - a +4 ring of dexterity (left front leg)
Scrolls
 k - a scroll of teleportation {unknown}
 l - 2 scrolls of fear {unknown}
 n - a scroll of random uselessness {unknown}
 o - a scroll of enchant armour {unknown}
 p - 2 scrolls of remove curse {unknown}
 s - a scroll of magic mapping {unknown}
 u - a scroll of identify
Potions
 b - a potion of agility {unknown}
 d - a potion of curing
 e - 2 potions of cancellation
 f - a potion of heal wounds
 h - a potion of might
 j - a potion of ambrosia
 q - a potion of mutation {unknown}
 r - a potion of brilliance {unknown}
Comestibles
 c - 6 rations
 t - 2 chunks of flesh


   Skills:
 - Level 1.0 Fighting
 - Level 2.0 Dodging
 - Level 3.5 Stealth
 * Level 5.3 Unarmed Combat
 + Level 2.4 Spellcasting
 + Level 4.0 Transmutations
 - Level 2.0 Poison Magic


You had 3 spell levels left.
You knew the following spells:

 Your Spells              Type           Power        Failure   Level  Hunger
a - Beastly Appendage     Tmut           ###...       12%         1    #......
b - Sticks to Snakes      Tmut           ###.....     16%         2    ###....
c - Spider Form           Tmut/Pois      ##........   36%         3    ###....

Your spell library contained the following spells:

 Spells                   Type           Power        Failure   Level  Hunger
 Summon Small Mammal      Summ           #...         41%         1    #......
 Call Imp                 Summ           #.......     52%         2    ###....
 Call Canine Familiar     Summ           #.......     73%         3    ###....
 Summon Guardian Golem    Hex/Summ       #.......     73%         3    ###....
 Ice Form                 Ice/Tmut       #.......     83%         4    #####..
 Blade Hands              Tmut           ###.......   87%         5    ######.
 Summon Ice Beast         Ice/Summ       #.......     97%         4    #####..
 Summon Lightning Spire   Summ/Air       #.......     97%         4    #####..


Dungeon Overview and Level Annotations

Branches:
Dungeon (5/15)             Temple (1/1) D:4

Altars:
Ashenzari
Cheibriados
Dithmenos
Elyvilon
Fedhas
Gozag
Kikubaaqudgha
Nemelex Xobeh
Qazlal
Ru
Sif Muna
Trog
Vehumet
Wu Jian
Xom
Yredelemnul
Zin

Annotations:
D:2 Sigmund


Innate Abilities, Weirdness & Mutations

You cannot wear most types of armour.
You are very stealthy in the water. (Stealth+)
((You are amphibious.))
You can wear up to eight rings at the same time.
((You can use your tentacles to constrict eight enemies at once.))
((Your skin changes colour to match your surroundings (Stealth+).))
((Your rubbery body absorbs attacks. (AC +1, EV +1)))


Message History

The jelly is heavily wounded.
The jelly closely misses you.
You barely miss the jelly.
The jelly is heavily wounded.
The jelly hits you. The acid corrodes you!
You are splashed with acid!
* * * LOW HITPOINT WARNING * * *
You hit the jelly but do no damage.
Your tentacles burn!
* * * LOW HITPOINT WARNING * * *
You pierce the jelly.
You squeeze the jelly.
The jelly is severely wounded.
The jelly closely misses you.
Okay, then.
Casting: Beastly Appendage (safe; 3% risk of failure)
Confirm with . or Enter, or press ? or * to list all spells.
Your tentacle spike disappears.
You turn into a venomous arachnid creature.
Your uncursed staff of power melds into your body.
You feel your magic capacity decrease. The jelly completely misses you.
You hit the jelly.
Your front legs burn!
You die...

.## ... #...# ....
##...### #...
.%.... . #....
...###.# #. #....
######......% #.#
#....###....J...#
### #.#
...........s....+
..# #.#
#..........÷.##+#.#
# #.#
+..).....÷........#
#.#.#
#...............).#
#.#.#
#.......###.......#
#.... #.......#
##.##'#.#.###.#
#.......#
#.##.#.#.....#
#.......#
#+##.#.#####.#
########..
#.#.###...#


You could see a jelly.

Vanquished Creatures
  A hound (D:4)
  Crazy Yiuf (D:2)
  2 orc wizards (D:3)
  Natasha (twice) (D:2)
  2 worker ants
  A hound skeleton (D:4)
  8 adders
  4 worms
  A dart slug (D:2)
  5 leopard geckos
  7 orcs
  3 giant cockroaches (D:2)
  8 goblins
  8 hobgoblins
  5 jackals
  3 quokkas
  2 ball pythons (D:3)
  3 bats
  4 frilled lizards
  7 kobolds
  2 quokka skeletons (D:4)
  4 rats
83 creatures vanquished.

Vanquished Creatures (collateral kills)
  Natasha (D:2)
1 creature vanquished.

Grand Total: 84 creatures vanquished

Notes
Turn   | Place    | Note
-------+----------+-------------------------------------------
     0 | D:1      | NeededCrab the Octopode Transmuter began the quest for the
                  | Orb.
     0 | D:1      | Reached XP level 1. HP: 13/13 MP: 3/3
   189 | D:1      | Reached XP level 2. HP: 14/18 MP: 3/5
   430 | D:1      | Reached skill level 1 in Stealth
   829 | D:2      | Noticed Natasha
   844 | D:2      | Killed Natasha
   844 | D:2      | Reached XP level 3. HP: 11/23 MP: 4/6
  1042 | D:2      | Found a runed translucent door.
  1043 | D:2      | Noticed Crazy Yiuf
  1054 | D:2      | Killed Crazy Yiuf
  1054 | D:2      | Reached XP level 4. HP: 26/28 MP: 5/7
  1059 | D:2      | Learned a level 2 spell: Sticks to Snakes
  1063 | D:2      | Learned a level 3 spell: Spider Form
  1333 | D:2      | Noticed Sigmund
  1361 | D:2      | Reached skill level 4 in Unarmed Combat
  1365 | D:2      | Found a stormy altar of Qazlal.
  1365 | D:2      | Found an ancient bone altar of Kikubaaqudgha.
  1378 | D:2      | Became a worshipper of Qazlal Stormbringer
  1444 | D:2      | Noticed Natasha
  1449 | D:2      | Killed Natasha
  1449 | D:2      | Reached XP level 5. HP: 33/33 MP: 5/8
  1469 | D:2      | Found a faded altar of an unknown god.
  1486 | D:2      | Reached skill level 1 in Poison Magic
  1797 | D:2      | Noticed Natasha
  1803 | D:2      | Killed Natasha
  2416 | D:3      | Found a shattered altar of Ashenzari.
  2483 | D:3      | Found a shadowy altar of Dithmenos.
  2714 | D:3      | Found a shimmering blue altar of Sif Muna.
  3138 | D:3      | Reached XP level 6. HP: 38/38 MP: 7/9
  3177 | D:3      | Reached * piety under Qazlal
  3547 | D:4      | Reached skill level 5 in Unarmed Combat
  3692 | D:4      | Found a sacrificial altar of Ru.
  3956 | D:4      | Found a staircase to the Ecumenical Temple.
  3965 | Temple   | Entered the Ecumenical Temple
  4274 | D:4      | Found a bloodstained altar of Trog.
  4402 | D:5      | Entered Level 5 of the Dungeon
  4594 | D:5      | HP: 1/38 [acid (4)]
  4597 | D:5      | Splashed by a jelly's acid

Levels and vault maps discovered:
D:1:      sevenhm_arrival_forest_fort_small_3, layout_rooms, minmay_pentomino_v4
D:2:      layout_basic, grunt_temple_overflow_open,
          chequers_ecumenical_altar_simple, first_ration, uniq_sigmund,
          uniq_natasha, uniq_crazy_yiuf_cottage
D:3:      layout_loops_corners, ashenzari_conservatory_becter, led_sif_book,
          grunt_dithmenos_smoke_and_mirrors
D:4:      layout_basic, old_standard_altar, lemuel_round_altar,
          minmay_temple_entry_slanted, interstate_on_off, st_stairs_1
D:5:      layout_basic, tso_altar, kennysheep_mini, serial_shops, shop,
          nicolae_shop_behind_doors
Temple:   jpeg_temple_alley_garden

Skill      XL: |  1  2  3  4  5  6 |
---------------+-------------------+-----
Stealth        | 1 2 3 |  3.5
Transmutations | 3 4 |  4.0
Unarmed Combat | 4 5 |  5.3
Poison Magic   | 1 2 |  2.0
Fighting       | |  1.0
Dodging        | |  2.0
Spellcasting   | |  2.4

Action                   |  1- 3 |  4- 6 || total
-------------------------+-------+-------++-------
Melee: Unarmed           |    37 |   150 ||   187
       Constrict         |    10 |    38 ||    48
       Kick              |    12 |    16 ||    28
       Tentacles         |     7 |    23 ||    30
       Punch             |       |     6 ||     6
       Staff             |       |    12 ||    12
 Cast: Beastly Appendage |    14 |    24 ||    38
       Sticks to Snakes  |       |     3 ||     3
       Spider Form       |       |     6 ||     6
  Use: Potion            |       |     7 ||     7
       Scroll            |       |     3 ||     3
 Stab: Sleeping          |     2 |     6 ||     8
  Eat: Chunk             |     1 |    12 ||    13
Armor: Skin              |     1 |    12 ||    13
Dodge: Dodged            |    21 |   103 ||   124
Block: Other             |       |     2 ||     2

Table legend:
 A = Non-vault XP
 B = Vault XP
 C = Vault XP percentage of total XP
 D = Non-vault monster count
 E = Vault monster count
 F = Vault count percentage of total count
                 A         B        C        D         E       F
            +---------+---------+-------+---------+---------+-------
      Total |     449 |     137 |  23.4 |      78 |       6 |   7.1
            +---------+---------+-------+---------+---------+-------
        D:1 |      21 |       5 |  19.2 |      11 |       2 |  15.4
        D:2 |     113 |      78 |  40.8 |      25 |       2 |   7.4
        D:3 |     128 |      40 |  23.8 |      18 |       1 |   5.3
        D:4 |     181 |      14 |   7.2 |      21 |       1 |   4.5
        D:5 |       6 |       0 |   0.0 |       3 |       0 |   0.0
            +---------+---------+-------+---------+---------+-------
